 Dungeon Crawl Stone Soup version 0.31-a0-1625-g1a3bd5d (webtiles) character file.

Game seed: 9124215626206371757

52 PidgeyThePirate the Cutter (level 3, -16/29 HPs)
             Began as a Demonspawn Monk on Jan 11, 2024.
             Demolished by an ogre
             ... wielding a +0 giant spiked club
              (25 damage)
             ... on level 2 of the Dungeon.
             The game lasted 00:02:37 (1115 turns).

PidgeyThePirate the Cutter (Demonspawn Monk)        Turns: 1115, Time: 00:02:37

Health: -16/29     AC:  3    Str: 13    XL:     3   Next: 60%
Magic:  3/3        EV: 12    Int: 10    God:
Gold:   47         SH:  0    Dex: 15    Spells: 2/2 levels left

rFire   . . .        a - +0 short sword
rCold   . . .        d - orb {light}
rNeg    . . .        h - +0 leather armour
rPois   .            (helmet restricted)
rElec   .            (no cloak)
rCorr   .            (no gloves)
SInv    .            (no boots)
Will    +....        (no amulet)
Stlth   +            k - ring of willpower
HPRegen 0.24/turn    (no ring)
MPRegen 0.08/turn

%: no passive effects
@: glowing
A: horns 1, weakness stinger 1
a: no special abilities


You were on level 2 of the Dungeon.
You visited 1 branch of the dungeon, and saw 2 of its levels.

You collected 47 gold pieces.

Inventory:

Hand Weapons
 a - a +0 short sword (weapon)
Armour
 b - a +0 robe
 d - an orb of light (worn)
 h - a +0 leather armour (worn)
Jewellery
 k - a ring of willpower (left hand)
Scrolls
 e - a scroll of fear {unknown}
 f - a scroll of summoning {unknown}
 g - a scroll of immolation {unknown}
 l - 3 scrolls of teleportation {unknown}
Potions
 c - a potion of ambrosia
 i - a potion of curing {unknown}
 j - a potion of magic {unknown}


   Skills:
 + Level 3.1 Fighting
 * Level 3.6 Short Blades
 + Level 1.0 Armour
 + Level 2.8 Dodging
 * Level 1.1 Invocations


You had 2 spell levels left.
You didn't know any spells.
Your spell library contained the following spells:

 Spells                   Type           Power      Damage    Failure   Level
 Slow                     Hex            0%         N/A       43%         1
 Brom's Barrelling Bould  Conj/Erth      0%         2d3       99%         4
 Metabolic Englaciation   Hex/Ice        0%         N/A       100%        5
 Enfeeble                 Hex            0%         N/A       100%        7


Dungeon Overview and Level Annotations

Branches:
Dungeon (2/15)

Altars:


Innate Abilities, Weirdness & Mutations

You have a pair of small horns on your head.
You have a small tail.


Message History

The ribbon worm is moderately wounded.
You hit the ribbon worm but do no damage.
You headbutt the ribbon worm.
The ribbon worm is heavily wounded.
The ribbon worm closely misses you.
You hit the ribbon worm.
The ribbon worm is severely wounded.
The ribbon worm expels a string of sticky webbing.
The stream of webbing hits you but does no damage.
You are caught in a web!
The web tears apart.
You hit the ribbon worm but do no damage.
You headbutt the ribbon worm.
You kill the ribbon worm!
An ogre and an endoplasm come into view.
The ogre shouts!
You see here a ribbon worm corpse.
You see here 8 gold pieces.
You now have 47 gold pieces (gained 8).
You hit the ogre.
The ogre is lightly wounded.
The ogre barely misses you.
You hit the ogre.
The ogre is moderately wounded.
You hit the ogre. You headbutt the ogre.
The ogre is heavily wounded.
The ogre hits you with a +0 giant spiked club!!
Ouch! That really hurt!
You hit the endoplasm.
The endoplasm is heavily wounded.
The endoplasm freezes you.
You are frozen.
* * * LOW HITPOINT WARNING * * *
Found a stone staircase leading down.
The endoplasm attacks as it pursues you!
The endoplasm hits you but does no damage.
The ogre attacks as it pursues you!
The ogre hits you with a +0 giant spiked club!!
Ouch! That really hurt!
You die...

.... # ......# # ....>..#
#### .......# #.........
.......# #.........
......#########.........
........................
#+#..@......#.........
###.#.OJ......#.........
####.............#.........
#...........[....#.........
#................#.........
#.......................<..
#.......##########.........
#....#+#### #######...
#.........# #...


You could see an ogre and an endoplasm.

Vanquished Creatures
  3 adders (D:2)
  A ribbon worm (D:2)
  3 ball pythons
  An endoplasm (D:2)
  2 giant cockroaches (D:2)
  2 goblins
  4 bats (D:1)
  4 frilled lizards
  3 kobolds
  2 rats (D:2)
25 creatures vanquished.

Notes
Turn   | Place    | Note
-------+----------+-------------------------------------------
     0 | D:1      | PidgeyThePirate the Demonspawn Monk began the quest for the
                  | Orb.
     0 | D:1      | Reached XP level 1. HP: 18/18 MP: 1/1
   382 | D:1      | Discovered your monstrous ancestry.
   382 | D:1      | Gained mutation: You have a small tail. [demonic ancestry]
   382 | D:1      | Reached XP level 2. HP: 24/24 MP: 2/2
   958 | D:2      | Gained mutation: You have a pair of small horns on your
                  | head. [demonic ancestry]
   958 | D:2      | Reached XP level 3. HP: 29/29 MP: 3/3
  1028 | D:2      | Reached skill level 1 in Armour
  1028 | D:2      | Reached skill level 1 in Invocations
  1067 | D:2      | Got the Compendium of the Terrestrial Sphinx
  1096 | D:2      | Noticed an ogre
  1115 | D:2      | Demolished by an ogre

Illustrated notes

Levels and vault maps discovered:
D:1:      tekkud_arrival_beachfront_property, layout_rooms, nicolae_hexahallways
D:2:      layout_basic

Skill      XL: |  1  2  3 |
---------------+----------+-----
Short Blades   | 3 |  3.6
Armour         | 1 |  1.0
Invocations    | 1 |  1.1
Fighting       | |  3.1
Dodging        | |  2.8

Action                     || total
---------------------------++-------
  Melee: Short sword       ||    91
         Tailslap          ||    11
         Headbutt          ||     7
 Armour: Leather armour    ||    43
         Robe              ||     8
  Dodge: Dodged            ||    62

Table legend: (Time is in decaauts)
 A = Elapsed time spent in this place.
 B = Non-inter-level travel time spent in this place.
 C = Inter-level travel time spent in this place.
 D = Time resting spent in this place.
 E = Time spent auto-exploring this place.
 F = Levels seen in this place.
 G = Mean time per level.
                   A        B        C        D        E       F      G
               +--------+--------+--------+--------+--------+-----+--------+
         Total |   1100 |   1023 |     77 |      0 |    792 |   2 |  550.0 |
       Dungeon |   1100 |   1023 |     77 |      0 |    792 |   2 |  550.0 |
               +--------+--------+--------+--------+--------+-----+--------+

Top non-repeatable levels by time:
     D:1: 727 daAuts
     D:2: 373 daAuts
